 Dungeon Crawl Stone Soup version 0.26-a0-670-g578ab304f5 (webtiles) character file.

Game seed: 12629848163900889019

88 Hypoxia the Sneak (level 4, -1/40 HPs)
             Began as a Deep Dwarf Delver on Oct 19, 2020.
             Slain by an ice beast (13 damage)
             ... on level 5 of the Dungeon.
             The game lasted 00:02:46 (96 turns).

Hypoxia the Sneak (Deep Dwarf Delver)                 Turns: 96, Time: 00:02:46

Health: -1/40      AC:  3    Str: 17    XL:     4   Next: 30%
Magic:  1/1        EV: 12    Int: 10    God:
Gold:   0          SH:  0    Dex: 14    Spells: 3/3 levels left

rFire    . . .     SeeInvis .   a - +0 hand axe
rCold    . . .     Faith    .   (no shield)
rNeg     . . .     Spirit   .   b - +0 leather armour
rPois    .         Reflect  .   (no helmet)
rElec    .         Harm     .   (no cloak)
rCorr    .         Rampage  .   (no gloves)
MR       .....                  (no boots)
Stlth    +++.......             (no amulet)
HPRegen  0.00/turn              (no ring)
MPRegen  0.07/turn              (no ring)

@: non-regenerating, hasted, very quick
A: damage resistance, heal wounds, sense surroundings 1, no regeneration
a: Heal Wounds


You were on level 5 of the Dungeon.
You visited 1 branch of the dungeon, and saw 2 of its levels.

Inventory:

Hand Weapons
 a - a +0 hand axe (weapon)
Armour
 b - a +0 leather armour (worn)
 g - a +0 chain mail
Wands
 D - a wand of digging (3)
Scrolls
 c - a scroll of fog
 d - a scroll of teleportation {unknown}
 e - a scroll of fear
 h - a scroll of random uselessness {unknown}
 M - a scroll of magic mapping
Potions
 f - a potion of heal wounds {@q2}


   Skills:
 - Level 2.6 Fighting
 + Level 5.1 Axes
 - Level 2.1 Dodging
 - Level 6.0 Stealth


You had 3 spell levels left.
You didn't know any spells.
Your spell library was empty.

Dungeon Overview and Level Annotations

Branches:
Dungeon (6/15)
 Temple: D:4-7

Altars:
Elyvilon

Shops:
D:5 =


Innate Abilities, Weirdness & Mutations

You are resistant to damage.
You can heal yourself by infusing magical energy.
You passively map a small area around you.
You do not regenerate.


Message History

The ice beast is severely wounded.
You hit the leopard gecko but do no damage.
You hit the howler monkey. x2; The leopard gecko closely misses you.
The howler monkey misses you.
You closely miss the ice beast.
The ice beast is severely wounded.
You hit the leopard gecko but do no damage.
You hit the howler monkey. x2; The howler monkey barely misses you.
The leopard gecko closely misses you. The ice beast closely misses you.
The howler monkey hits you!
You barely miss the ice beast.
The ice beast is severely wounded.
You hit the leopard gecko. You hit the howler monkey.
You kill the howler monkey!
Your Axes skill increases to level 5!
You have reached level 4!
You feel stronger.
You hit the howler monkey. The leopard gecko barely misses you.
The ice beast hits you. The ice beast freezes you!
You die...

* * * #..# #.. , ,
....##.# , ,*
#...#.####### ,,
#..........#, *,
######..........# , *
...........h..#*#.. *
* * #..#....JY@.#≈≈.r,
≈ , *
#<.......l.†#≈..♣ , ,
#..###.######w.....
... *
#...###.S.♣._.♣... *
######.Y.............,
............#≈..♣..≈#
*
.######.....#≈≈...≈≈#
* , #.....###...#
#....))....#*


You could see a water moccasin, an ice beast, a howler monkey (catching breath),
a jelly, a dart slug and a leopard gecko.

Vanquished Creatures
  A howler monkey
  An orc priest
  A shadow imp
  An adder zombie
  2 orcs
  2 jackals
8 creatures vanquished.

Vanquished Creatures (others)
  An orc
1 creature vanquished.

Grand Total: 9 creatures vanquished

Notes
Turn   | Place    | Note
-------+----------+-------------------------------------------
     0 | D:5      | Hypoxia the Deep Dwarf Delver began the quest for the Orb.
     0 | D:5      | Reached XP level 1. HP: 20/20 MP: 1/1
     7 | D:5      | Noticed a water moccasin
    32 | D:5      | Noticed an orc priest
    34 | D:5      | Found a white marble altar of Elyvilon.
    47 | D:5      | Reached skill level 3 in Axes
    49 | D:5      | Killed an orc priest
    49 | D:5      | Reached skill level 4 in Axes
    49 | D:5      | Reached XP level 2. HP: 18/27 MP: 1/1
    49 | D:5      | Reached XP level 3. HP: 23/33 MP: 2/2
    54 | D:5      | Noticed an ice beast
    69 | D:5      | HP: 3/33 [ice beast (11)]
    88 | D:5      | HP: 2/33 [ice beast (11)]
    96 | D:5      | Reached skill level 5 in Axes
    96 | D:5      | Reached XP level 4. HP: 12/40 MP: 1/1
    96 | D:5      | Slain by an ice beast

Illustrated notes

Levels and vault maps discovered:
D:5:      layout_rooms, serial_shops, nicolae_shop_crystal, elyvilon_altar_4
D:6:      layout_loops_ring, minmay_temple_entry_waves, nicolae_sextant,
          lemuel_blue_sif_altar

Skill      XL: |  1  2  3 |
---------------+----------+-----
Axes           | 4 5 |  5.1
Fighting       | |  2.6
Dodging        | |  2.1
Stealth        | |  6.0

Action                   |  1- 3 |  4- 6 || total
-------------------------+-------+-------++-------
Melee: Hand axe          |    31 |       ||    31
 Abil: Heal Wounds       |     6 |       ||     6
  Use: Potion            |     2 |       ||     2
Armor: Leather armour    |    21 |       ||    21
Dodge: Dodged            |    71 |     1 ||    72

Table legend: (Time is in decaauts)
 A = Elapsed time spent in this place.
 B = Non-inter-level travel time spent in this place.
 C = Inter-level travel time spent in this place.
 D = Time resting spent in this place.
 E = Time spent auto-exploring this place.
 F = Levels seen in this place.
 G = Mean time per level.
                   A        B        C        D        E       F      G
               +--------+--------+--------+--------+--------+-----+--------+
         Total |     99 |     99 |      0 |      0 |      0 |   2 |   49.5 |
       Dungeon |     99 |     99 |      0 |      0 |      0 |   2 |   49.5 |
               +--------+--------+--------+--------+--------+-----+--------+

Top non-repeatable levels by time:
     D:5: 97 daAuts
     D:6: 1 daAuts
